 Dungeon Crawl Stone Soup version 0.31-a0-819-gf6de2f5ab6 (webtiles) character file.

Game seed: 13081285109868533942

193 qw the Shooter (level 5, -2/32 HPs)
             Began as a Gargoyle Hunter on Sept 23, 2023.
             Slain by Duvessa
             ... wielding a +0 rapier
              (7 damage)
             ... on level 4 of the Dungeon.
             The game lasted 00:00:56 (2460 turns).

qw the Shooter (Gargoyle Hunter)                    Turns: 2460, Time: 00:00:57

Health: -2/32      AC: 10    Str: 14    XL:     5   Next: 72%
Magic:  5/5        EV: 11    Int: 10    God:
Gold:   112        SH:  0    Dex: 21    Spells: 4/4 levels left

rFire   . . .        Y - +0 shortbow
rCold   . . .        (shield currently unavailable)
rNeg    + . .        j - +0 ring mail
rPois   inf          (no helmet)
rElec   +            (no cloak)
rCorr   .            (no gloves)
SInv    .            h - +0 pair of boots
Will    .....        (no amulet)
Stlth   +            g - +6 ring of dexterity
HPRegen 0.25/turn    (no ring)
MPRegen 0.09/turn

%: no passive effects
@: no status effects
A: sickness immunity, AC +4, negative energy resistance 1, electricity
resistance, torment resistance 1, petrification resistance
a: no special abilities


You were on level 4 of the Dungeon.
You visited 1 branch of the dungeon, and saw 4 of its levels.

You collected 112 gold pieces.


Innate Abilities, Weirdness & Mutations

You are immune to sickness and miasma.
Your stone body is resilient. (AC +4)
You are immune to poison.
You resist negative energy. (rN+)
You are resistant to electric shocks. (rElec)
You are resistant to unholy torment.
You are immune to petrification.


   Skills:
 + Level 3.0 Fighting
 - Level 6.0 Ranged Weapons
 - Level 1.9 Armour
 - Level 1.9 Dodging
 - Level 1.1 Stealth


You had 4 spell levels left.
You didn't know any spells.
Your spell library was empty.

Inventory:

Hand Weapons
 Y - a +0 shortbow (weapon)
Armour
 h - a +0 pair of boots (worn)
 j - a +0 ring mail (worn)
Jewellery
 e - a ring of ice
 g - a +6 ring of dexterity (left hand)
Scrolls
 a - a scroll of identify
Potions
 b - a potion of mutation
 d - a potion of curing
 f - a potion of might {unknown}
 i - a potion of cancellation {unknown}
 n - a potion of attraction {unknown}

Dungeon Overview and Level Annotations

Branches:
Dungeon (4/15)
 Temple: D:4-7

Altars:

Annotations:
D:4 3 runed translucent doors, Duvessa; qw's ghost, amateur GrHu


Message History

You shoot an arrow.
The arrow hits Duvessa but does no damage.
Duvessa is moderately wounded.
You shoot an arrow. The arrow hits Duvessa.
Duvessa is moderately wounded.
You shoot an arrow. The arrow completely misses Duvessa.
Duvessa barely misses you.
You shoot an arrow. The arrow hits Duvessa!
Duvessa is heavily wounded.
Duvessa barely misses you.
You shoot an arrow. The arrow closely misses Duvessa.
Duvessa hits you but does no damage. Duvessa barely misses you.
You shoot an arrow. The arrow hits Duvessa.
Duvessa is severely wounded.
Duvessa says, "Did you see that move?
Perfect!"
Duvessa hits you with a +0 rapier!
You shoot an arrow.
The arrow hits Duvessa but does no damage.
Duvessa is severely wounded.
Duvessa hits you but does no damage.
You shoot an arrow. The arrow hits Duvessa.
Duvessa is severely wounded.
Duvessa hits you with a +0 rapier!
You shoot an arrow. The arrow barely misses Duvessa.
Duvessa closely misses you.
You shoot an arrow. The arrow barely misses Duvessa.
Duvessa hits you with a +0 rapier. Duvessa hits you with a +0 rapier!
You shoot an arrow.
The arrow hits Duvessa but does no damage.
Duvessa is severely wounded.
Duvessa hits you with a +0 rapier.
You shoot an arrow.
The arrow hits Duvessa but does no damage.
Duvessa is severely wounded.
Duvessa barely misses you.
You shoot an arrow.
The arrow hits Duvessa but does no damage.
Duvessa is severely wounded.
Duvessa hits you with a +0 rapier!
You die...

....# #.# ... #...#.
#.# .. ...##... #.#
.........### #.#
..###.## #.. #. #.#
### ..###.###.#
......e...#
.......@..# #####
########..# #....
...O.. #..# #.### .
?!..h#..##########.###
....h#................
O....#....########.###
.....#...## #.###
.....#..## #....
.....#..# #####


You could see Duvessa.

Vanquished Creatures
  An orc priest (D:4)
  Terence (D:2)
  4 gnolls
  An adder (D:2)
  A worm (D:2)
  A dart slug (D:2)
  7 orcs (D:4)
  11 ball pythons
  6 endoplasms
  2 giant cockroaches (D:1)
  6 goblins
  5 hobgoblins
  9 jackals
  3 quokkas
  2 bats
  7 frilled lizards
  4 kobolds
  5 rats
76 creatures vanquished.

Notes
Turn   | Place    | Note
-------+----------+-------------------------------------------
     0 | D:1      | qw the Gargoyle Hunter began the quest for the Orb.
     0 | D:1      | Reached XP level 1. HP: 12/12 MP: 1/1
     0 | D:1      | 0 ||| qw: Version: 0.3-a-83-gcd0e7d8
     0 | D:1      | 0 ||| qw: Game counter: 1362
     0 | D:1      | 0 ||| qw: Melee chars always use a shield: true
     0 | D:1      | 0 ||| qw: God list: Okawaru
     0 | D:1      | 0 ||| qw: Allow faded altars: false
     0 | D:1      | 0 ||| qw: Do Orc after clearing Dungeon:15 true
     0 | D:1      | 0 ||| qw: Do second Lair branch before Depths: true
     0 | D:1      | 0 ||| qw: Lair rune preference: random
     0 | D:1      | 0 ||| qw: Goals: Normal
     0 | D:1      | 0 ||| PLANNING D:1-11
    26 | D:1      | Reached XP level 2. HP: 14/17 MP: 2/2
   233 | D:1      | Reached XP level 3. HP: 21/21 MP: 3/3
   281 | D:1      | Reached skill level 5 in Ranged Weapons
   925 | D:1      | 925 ||| UPGRADING to +0 pair of boots.
   930 | D:1      | 930 ||| READING 2 scrolls labelled SIVERO XINEIBUNI.
   931 | D:1      | 931 ||| READING 2 scrolls labelled AMARE BOEMANE.
   932 | D:1      | 932 ||| DRINKING 2 glowing white potions.
   933 | D:1      | 933 ||| DROPPING scroll of butterflies.
   934 | D:1      | 934 ||| DROPPING scroll of fog.
   935 | D:1      | 935 ||| DROPPING potion of degeneration.
   986 | D:2      | Reached skill level 3 in Fighting
  1176 | D:2      | Reached XP level 4. HP: 28/28 MP: 4/4
  1534 | D:2      | Noticed Terence
  1550 | D:2      | Killed Terence
  1624 | D:2      | 1624 ||| UPGRADING to +6 ring of dexterity.
  1625 | D:2      | 1625 ||| READING 2 scrolls of identify.
  1625 | D:2      | 1625 ||| IDENTIFYING silvery potion
  1673 | D:3      | Reached XP level 5. HP: 32/32 MP: 5/5
  1683 | D:3      | Reached skill level 6 in Ranged Weapons
  2199 | D:3      | Found a faded altar of an unknown god.
  2284 | D:3      | 2284 ||| UPGRADING to +0 ring mail.
  2294 | D:3      | 2294 ||| DROPPING +0 leather armour.
  2295 | D:3      | 2295 ||| READING 2 scrolls labelled HUSAST HOMICW.
  2296 | D:3      | 2296 ||| READING scroll labelled PUBYEB CUCALE.
  2297 | D:3      | 2297 ||| READING scroll labelled XAWEG NIYBRY.
  2298 | D:3      | 2298 ||| DRINKING 2 yellow potions.
  2299 | D:3      | 2299 ||| DROPPING scroll of immolation.
  2371 | D:4      | Reached skill level 1 in Armour
  2436 | D:4      | Found a runed translucent gate.
  2438 | D:4      | Found a runed translucent gate.
  2438 | D:4      | Noticed qw's ghost (amateur GrHu)
  2439 | D:4      | Found a runed translucent gate.
  2440 | D:4      | Noticed an ogre
  2444 | D:4      | Noticed Duvessa
  2458 | D:4      | HP: 4/32 [Duvessa/+0 rapier (5)]
  2460 | D:4      | Slain by Duvessa

Levels and vault maps discovered:
D:1:      lightli_arrival_statue_moat, layout_loops_corners
D:2:      layout_basic, uniq_terence
D:3:      layout_loops_ring, ebering_ecumenical_altar_hall
D:4:      layout_loops_cross, gammafunk_ghost_split, uniq_pikel, uniq_duvessa

Skill      XL: |  1  2  3  4  5 |
---------------+----------------+-----
Ranged Weapons | 5 6 |  6.0
Fighting       | 3 |  3.0
Armour         | 1 |  1.9
Dodging        | |  1.9
Stealth        | |  1.1

Action                     |  1- 3 |  4- 6 || total
---------------------------+-------+-------++-------
   Fire: Shortbow          |    91 |   134 ||   225
    Use: Scroll            |     2 |     4 ||     6
         Potion            |     1 |     1 ||     2
 Armour: Leather armour    |    20 |    24 ||    44
         Ring mail         |       |    13 ||    13
  Dodge: Dodged            |    15 |    46 ||    61

Table legend:
 A = Non-vault XP
 B = Vault XP
 C = Vault XP percentage of total XP
 D = Non-vault monster count
 E = Vault monster count
 F = Vault count percentage of total count
                 A         B        C        D         E       F
            +---------+---------+-------+---------+---------+-------
      Total |     241 |      36 |  13.0 |      75 |       1 |   1.3
            +---------+---------+-------+---------+---------+-------
        D:1 |      65 |       0 |   0.0 |      32 |       0 |   0.0
        D:2 |      54 |      36 |  40.0 |      22 |       1 |   4.3
        D:3 |      56 |       0 |   0.0 |      11 |       0 |   0.0
        D:4 |      66 |       0 |   0.0 |      10 |       0 |   0.0
            +---------+---------+-------+---------+---------+-------
